 Dungeon Crawl Stone Soup version 0.30-a0-458-g86641cc369 (webtiles) character file.

Game seed: 8246347718536467712

1850573 ragingrage the Hand of Fortune (level 27, 207/207 HPs)
             Began as a Demonspawn Earth Elementalist on Dec 13, 2022.
             Was the Champion of Nemelex Xobeh.
             Escaped with the Orb
             ... and 4 runes on Dec 14, 2022!
             The game lasted 03:34:17 (109891 turns).

ragingrage the Hand of Fortune (DsEE)             Turns: 109891, Time: 03:34:17

Health: 207/207    AC: 33    Str: 26    XL:     27
Magic:  49/52      EV: 20    Int: 37    God:    Nemelex Xobeh [******]
Gold:   7166       SH:  9    Dex: 22    Spells: 12/58 levels left

rFire   + + .      SeeInvis +    b - staff of earth
rCold   + + .      Faith    .    d - +2 buckler "Jyagg" {rCorr Str+4 Int-4}
rNeg    . . .      Spirit   .    r - +8 chain mail "Yliphao" {rF- Will+ Regen+ MP+9}
rPois   +          Reflect  .    (helmet unavailable)
rElec   +          Harm     .    m - +0 cloak of Optimism {rF+ Int+4 Dex+4}
rCorr   +          Rampage  .    V - +1 pair of gloves of Grottiness {Int+3}
Will    +++..                    c - +2 pair of boots of Vougoici {Int+2}
Stlth   ++........               P - amulet of Vitality {RegenMP++ Regen++}
HPRegen 3.74/turn                y - ring of Zatzept {AC+4 Str+6 Int+3}
MPRegen 1.13/turn                h - ring "Uteutt" {rF+ rC++ Str+6 Int+2 Dex+2}

@: studying 2 skills
A: antennae 3, thin metallic scales 3, ignite blood 3, powered by pain 3,
augmentation 3, deformed body, deterioration 1, fire resistance 1, poison
resistance, regeneration 1, subdued magic 1
0: Orb of Zot
}: 4/15 runes: barnacled, slimy, silver, gossamer
a: Renounce Religion, Draw Escape, Draw Destruction, Draw Summoning, Draw Stack,
Triple Draw, Deal Four, Stack Five


You escaped.
You worshipped Nemelex Xobeh.
Nemelex Xobeh was exalted by your worship.
You visited 12 branches of the dungeon, and saw 56 of its levels.
You visited the Abyss 1 time.
You also visited: Trove, Sewer, Ice Cave, Wizlab and Desolation.

You collected 12357 gold pieces.
You spent 5191 gold pieces at shops.

Inventory:

Hand Weapons
 a - the +12 arbalest of Peril {drain, rN+++ MP+9 Str-2 SInv}
   (You found it on level 3 of the Depths)

   A truly terrible weapon, it drains the life of any living foe it strikes.
   Str:       It affects your strength (-2).
   rN:        It renders you almost immune to negative energy.
   MP:        It affects your magic capacity (+9).
   SInv:      It lets you see invisible.
Missiles
 A - 10 curare-tipped darts
 F - 6 throwing nets
Armour
 c - the +2 pair of boots of Vougoici (worn) {Int+2}
   (You found it in a treasure trove)

   Int:       It affects your intelligence (+2).
 d - the +2 buckler "Jyagg" (worn) {rCorr Str+4 Int-4}
   (You bought it in a shop on level 2 of the Vaults)

   Str:       It affects your strength (+4).
   Int:       It affects your intelligence (-4).
   rCorr:     It protects you from acid and corrosion.
 m - the +0 cloak of Optimism (worn) {rF+ Int+4 Dex+4}
   (You bought it in a shop on level 2 of the Orcish Mines)

   Int:       It affects your intelligence (+4).
   Dex:       It affects your dexterity (+4).
   rF:        It protects you from fire.
 r - the +8 chain mail "Yliphao" (worn) {rF- Will+ Regen+ MP+9}
   (You bought it in a shop on level 2 of the Elven Halls)

   rF:        It makes you vulnerable to fire.
   MP:        It affects your magic capacity (+9).
   Regen:     It increases your rate of health regeneration.
   Will:      It increases your willpower.
 V - the +1 pair of gloves of Grottiness (worn) {Int+3}
   (You acquired it in an ice cave)

   Int:       It affects your intelligence (+3).
Magical Staves
 b - a staff of earth (weapon)
Jewellery
 h - the ring "Uteutt" (right hand) {rF+ rC++ Str+6 Int+2 Dex+2}
   (You found it in a treasure trove)

   [ring of strength]

   Str:       It affects your strength (+6).
   Int:       It affects your intelligence (+2).
   Dex:       It affects your dexterity (+2).
   rF:        It protects you from fire.
   rC:        It greatly protects you from cold.
 y - the ring of Zatzept (left hand) {AC+4 Str+6 Int+3}
   (You took it off a rakshasa on level 3 of the Depths)

   [ring of protection]

   AC:        It affects your AC (+4).
   Str:       It affects your strength (+6).
   Int:       It affects your intelligence (+3).
 P - the amulet of Vitality (around neck) {RegenMP++ Regen++}
   (You acquired it on level 5 of the Pits of Slime)

   [amulet of magic regeneration]

   It increases your rate of magic regeneration.
   Regen:     It increases your rate of health regeneration.
Wands
 e - a wand of quicksilver (12)
 s - a wand of flame (69)
 v - a wand of iceblast (45)
 w - a wand of polymorph (19)
 C - a wand of mindburst (74)
 J - a wand of digging (7)
 N - a wand of charming (41)
Scrolls
 o - 9 scrolls of fog
 q - 10 scrolls of blinking
 u - 12 scrolls of fear
 x - 30 scrolls of teleportation
 B - 7 scrolls of immolation
 H - 9 scrolls of vulnerability
 I - 4 scrolls of magic mapping
 K - 7 scrolls of poison
 O - 2 scrolls of amnesia
 U - 5 scrolls of torment
 Z - 8 scrolls of butterflies
Potions
 j - 15 potions of ambrosia
 k - 3 potions of berserk rage
 l - 11 potions of flight
 n - 13 potions of heal wounds
 p - 4 potions of haste
 t - 5 potions of invisibility
 z - 29 potions of curing
 G - 11 potions of lignification
 L - 7 potions of cancellation
 M - 13 potions of attraction
 Q - 5 potions of brilliance
 S - 5 potions of magic
 T - 5 potions of might
 W - 16 potions of mutation
 X - 5 potions of resistance
Miscellaneous
 f - a phantom mirror
 g - a phial of floods
 D - a condenser vane
 E - a box of beasts
 R - a tin of tremorstones (2/2)


   Skills:
 - Level 15.0 Fighting
 - Level 9.0 Staves
 - Level 15.0 Armour
 - Level 17.0 Dodging
 - Level 17.0 Stealth
 - Level 9.0 Shields
 - Level 16.0 Spellcasting
 + Level 19.9 Conjurations
 - Level 14.0 Summonings
 - Level 11.0 Necromancy
 - Level 3.0 Translocations
 - Level 5.0 Transmutations
 - Level 17.0 Earth Magic
 - Level 20.0 Invocations
 - Level 14.0 Evocations


You had 12 spell levels left.
You knew the following spells:

 Your Spells              Type           Power      Damage    Failure   Level
a - Spellforged Servitor  Conj/Summ      66%        N/A       3%          7
b - Summon Cactus Giant   Summ           61%        N/A       1%          6
c - Passwall              Tmut/Erth      100%       N/A       1%          2
d - Borgnjor's Vile Clut  Necr/Erth      73%        N/A       1%          5
f - Lee's Rapid Deconstr  Erth           78%        3d35*     1%          5
g - Irradiate             Conj/Tmut      58%        3d31      1%          5
h - Sublimation of Blood  Necr           100%       N/A       1%          2
j - Blink                 Tloc           100%       N/A       1%          2
k - Animate Armour        Summ/Erth      100%       N/A       1%          4
l - Wereblood             Tmut           85%        N/A       1%          2
r - Iron Shot             Conj/Erth      80%        9d15      1%          6

Your spell library contained the following spells:

 Spells                   Type           Power      Damage    Failure   Level
 Kiss of Death            Conj/Necr      100%       2d13      0%          1
 Magic Dart               Conj           100%       1d8       0%          1
 Sandblast                Erth           100%       2d20      0%          1
 Summon Small Mammal      Summ           100%       N/A       0%          1
 Searing Ray              Conj           100%       2d8       0%          2
 Stone Arrow              Conj/Erth      100%       3d13      0%          3
 Apportation              Tloc           100%       N/A       1%          1
 Beastly Appendage        Tmut           100%       N/A       1%          1
 Foxfire                  Conj/Fire      100%       2x1d9     1%          1
 Necrotise                Necr           100%       1d9       1%          1
 Shock                    Conj/Air       100%       1d9       1%          1
 Sting                    Tmut/Pois      100%       1d8       1%          1
 Cigotuvi's Dreadful Rot  Necr/Pois/Air  100%       N/A       1%          2
 Static Discharge         Conj/Air       100%       2-7/arc   1%          2
 Call Canine Familiar     Summ           100%       N/A       1%          3
 Dazzling Flash           Conj/Hex       100%       N/A       1%          3
 Hailstorm                Conj/Ice       100%       3d20      1%          3
 Summon Guardian Golem    Hex/Summ       95%        N/A       1%          3
 Vampiric Draining        Necr           100%       2d13      1%          3
 Animate Dead             Necr           100%       N/A       1%          4
 Dispel Undead            Necr           100%       3d31      1%          4
 Flame Wave               Conj/Fire      100%       2d21      1%          4
 Fulminant Prism          Conj/Hex       54%        3d22      1%          4
 Iskenderun's Mystic Bla  Conj/Tloc      100%       2d19      1%          4
 Leda's Liquefaction      Hex/Erth       62%        N/A       1%          4
 Petrify                  Tmut/Erth      100%       N/A       1%          4
 Sticky Flame             Conj/Fire      100%       2d11      1%          4
 Agony                    Necr           100%       N/A       1%          5
 Arcjolt                  Conj/Air       54%        1d64      1%          5
 Fireball                 Conj/Fire      54%        3d21      1%          5
 Lightning Bolt           Conj/Air       54%        1d75      1%          5
 Orb of Destruction       Conj           70%        9d16      1%          7
 Summon Ice Beast         Ice/Summ       95%        N/A       2%          4
 Summon Lightning Spire   Summ/Air       95%        N/A       2%          4
 Gell's Gravitas          Tloc           73%        N/A       3%          3
 Lesser Beckoning         Tloc           100%       N/A       3%          3
 Teleport Other           Tloc           73%        N/A       3%          3
 Summon Forest            Summ/Tloc      51%        N/A       3%          5
 Freeze                   Ice            100%       1d10      4%          1
 Slow                     Hex            100%       N/A       4%          1
 Spider Form              Tmut/Pois      69%        N/A       4%          3
 Anguish                  Hex/Necr       43%        N/A       4%          4
 Ensorcelled Hibernation  Hex/Ice        100%       N/A       7%          2
 Poisonous Vapours        Pois/Air       100%       N/A       7%          2
 Scorch                   Fire           100%       2d10      7%          2
 Ignite Poison            Fire/Tmut/Pois 63%        N/A       7%          3
 Vhi's Electric Charge    Tloc/Air       100%       N/A       7%          3
 Summon Mana Viper        Hex/Summ       95%        N/A       7%          5
 Death Channel            Necr           56%        N/A       7%          6
 Statue Form              Tmut/Erth      90%        N/A       7%          6
 Freezing Cloud           Conj/Ice/Air   46%        6-21      8%          5
 Kindle Blastsparks       Fire/Tloc/Air  100%       2d18      9%          3
 Starburst                Conj/Fire      54%        6d15      12%         6
 Monstrous Menagerie      Summ           61%        N/A       12%         7
 Summon Hydra             Summ           61%        N/A       12%         7
 Confusing Touch          Hex            50%        N/A       13%         3
 Ozocubu's Armour         Ice            50%        N/A       13%         3
 Swiftness                Air            50%        N/A       13%         3
 Manifold Assault         Tloc           73%        N/A       13%         4
 Passage of Golubria      Tloc           73%        N/A       13%         4
 Ice Form                 Ice/Tmut       69%        N/A       16%         4
 Blade Hands              Tmut           42%        N/A       16%         5
 Haunt                    Necr/Summ      58%        N/A       22%         7
 Olgreb's Toxic Radiance  Pois           50%        N/A       43%         4
 Alistair's Intoxication  Tmut/Pois      46%        N/A       43%         5
 Yara's Violent Unravell  Hex/Tmut       34%        3d14      43%         5
 Simulacrum               Ice/Necr       43%        N/A       61%         6
 Malign Gateway           Summ/Tloc      51%        N/A       77%         7
 Metabolic Englaciation   Hex/Ice        25%        N/A       80%         5
 Silence                  Hex/Air        25%        N/A       80%         5
 Dispersal                Tloc           36%        N/A       92%         6
 Eringya's Noxious Bog    Tmut/Pois      34%        N/A       95%         6
 Borgnjor's Revivificati  Necr           56%        N/A       98%         8
 Infestation              Necr           56%        N/A       98%         8
 Dragon Form              Tmut           42%        N/A       99%         7
 Enfeeble                 Hex            25%        N/A       100%        7
 Ozocubu's Refrigeration  Ice            25%        4d13      100%        7
 Storm Form               Tmut/Air       34%        N/A       100%        7
 Disjunction              Tloc           36%        N/A       100%        8
 Ignition                 Fire           25%        3d8       100%        8
 Maxwell's Capacitive Co  Air            25%        ∞         100%        8
 Necromutation            Tmut/Necr      50%        N/A       100%        8
 Dragon's Call            Summ           61%        N/A       100%        9
 Fire Storm               Conj/Fire      54%        8d14      100%        9
 Polar Vortex             Ice            25%        N/A       100%        9


Dungeon Overview and Level Annotations

Branches:
Dungeon (15/15)            Temple (1/1) D:5            Lair (5/5) D:10
 Shoals (4/4) Lair:2       Spider (4/4) Lair:2        Slime (5/5) Lair:5
    Orc (2/2) D:11            Elf (3/3) Orc:2        Vaults (5/5) D:13
  Crypt (3/3) Vaults:3       Tomb (0/3) Crypt:3      Depths (4/4) D:15
    Zot (5/5) Depths:4      Sewer (visited)           IceCv (visited)
 WizLab (visited)         Desolation (visited)

Altars:
Ashenzari
Gozag
Hepliaklqana
Kikubaaqudgha
Makhleb
Nemelex Xobeh
Qazlal
Uskayaw
Vehumet
Yredelemnul
Jiyva
Lugonu

Shops:
D:6 ?   D:14 *   Orc:2 *[![   Elf:1 *   Elf:2 **   Vaults:1 !   Vaults:2 [
Vaults:5 *   Depths:1 *

Portals:
Hell: Depths:1 Depths:2 Depths:3 Depths:4
Abyss: D:7 Shoals:3 Depths:3 Depths:4
Pandemonium: Depths:2 Depths:4
Ziggurat: Depths:2

Annotations:
D:5 1 runed translucent door, Crazy Yiuf
D:7 2 transporters, DeathPants's ghost, novice VSEn
Lair:1 exclusion: downstairs
Spider:1 exclusion: downstairs
Elf:2 3 runed translucent doors
Vaults:1 2 runed translucent doors, Galytir's ghost, adept HOFi; jlumianski's ghost, adept MiFi
Crypt:1 1 runed translucent door, Zivuv's ghost, veteran FoFi
Zot:2 exclusion: door


Innate Abilities, Weirdness & Mutations

You have a pair of large antennae on your head. (SInv)
You are completely covered in thin metallic scales. (AC +4, rElec)
Your demonic aura causes all spilled blood to erupt in flames.
You are powered by pain.
Your magical and physical power is greatly enhanced at high health.
Armour fits poorly on your strangely shaped body.
Your body sometimes deteriorates upon taking damage.
Your flesh is heat resistant. (rF+)
Your system is resistant to poisons. (rPois)
Your natural rate of healing is unusually fast.
Your spells are a little easier to cast, but a little less powerful.


Message History

Aiming: Iron Shot (mildly dangerous; 1% risk of failure)
Press: ? - help, Shift-Dir - straight line, f/p - large abomination
Aim: a large abomination (moderately damaged, constricted by zombie hands, 100% to hit)
You feel a surge of power!
The iron shot hits the large abomination!!!
You destroy the large abomination!
(D) Dungeon (T) Temple (L) Lair (A) Shoals (N) Spider Nest (M) Slime Pits (O) Orcish Mines (E) Elven Halls (V) Vaults (C) Crypt (W) Tomb (U) Depths (H) Hell (Z) Zot
Where to? (Enter - D:1 @ (x,y), ? - help)
You see here a +0 dagger.
You sense a monster nearby.
A great orb of eyes comes into view.
The great orb of eyes turns its gaze towards you.
Why would you want to do that?
Okay, then.
Casting: Iron Shot (mildly dangerous; 1% risk of failure)
Confirm with . or Enter, or press ? or * to list all spells.
Aiming: Borgnjor's Vile Clutch (mildly dangerous; 1% risk of failure)
Press: ? - help, Shift-Dir - straight line, f - great orb of eyes
Aim: a great orb of eyes (100% to hit)
You feel a surge of power!
Zombie hands grab the great orb of eyes.
The zombie hands constrict the great orb of eyes!
The great orb of eyes struggles to escape constriction.
Casting: Borgnjor's Vile Clutch (mildly dangerous; 1% risk of failure)
Confirm with . or Enter, or press ? or * to list all spells.
Aiming: Iron Shot (mildly dangerous; 1% risk of failure)
Press: ? - help, Shift-Dir - straight line, f/p - great orb of eyes
Aim: a great orb of eyes (lightly wounded, constricted by zombie hands, 100% to hit)
You feel a surge of power!
The iron shot hits the great orb of eyes!!!!
You kill the great orb of eyes!
Casting: Iron Shot (mildly dangerous; 1% risk of failure)
Confirm with . or Enter, or press ? or * to list all spells.
You can't see any susceptible monsters within range! (Use Z to cast anyway.) Unknown command.
There is a staircase leading out of the dungeon here.
You have escaped!

####..≈.#.#.###.§≈§§.######..#
####..≈.#.#.#...≈.........#..#
#.....≈.#.#.#.≈§§.#########..#
#.##.)≈§#.#...≈...........#..##
...#.(≈...#.≈≈§.≈≈≈≈≈.###.#...###
......≈≈§.#§≈..§§§..§...#.#......
......#.≈.#.≈§§§≈.≈.§§≈.###....#.
...{..#.≈...≈....§§.§§≈...#..#.#.
......#.§≈≈.≈≈≈.@§≈≈≈.≈§≈.#....#.
......#...≈...≈.§§§.≈...§.#....#.
......###.≈≈≈.≈.≈§§.≈.#.≈.##.....
......#.#...≈..§≈...§.#.≈≈≈#..(..
......#.###.§≈≈≈≈.≈≈§.#...≈#.....
#.....#.........§.§...#.#.≈......
......#########.≈≈≈.#.#.#.≈......
#...#.#........§≈...#.#.#.≈......
...§#.######.≈≈≈≈.###.#.#.≈#.....


There were no monsters in sight!

Vanquished Creatures
  2 pandemonium lords
  the Royal Jelly (Slime:5)
  4 dread liches
  5 ancient liches
  3 orbs of fire
  A royal mummy (Crypt:3)
  7 Killer Klowns
  7 curse toes
  6 golden dragons
  3 bone dragons
  3 doom hounds (Depths:2)
  An iron giant (Slime:3)
  2 electric golems (Zot:5)
  A Hell Sentinel (D:5)
  An Ice Fiend (D:1)
  17 tentacled monstrosities
  2 walking earthen tomes
  Asterion (Elf:2)
  Grunn (Depths:2)
  4 deep elf master archers (Elf:3)
  23 Orb Guardians
  2 deep elf blademasters (Elf:3)
  4 liches
  6 titans
  6 quicksilver dragons
  11 acid blobs
  7 death cobs
  12 ancient champions
  10 sphinxes
  6 tentacled starspawn
  8 shadow dragons
  5 tengu reavers
  12 storm dragons
  3 revenants
  Donald (Orc:2)
  8 rockslimes
  4 draconian monks
  4 azure jellies
  9 fire giants
  3 draconian knights
  6 draconian scorchers
  An emperor scorpion (Spider:4)
  4 iron dragons
  15 vault wardens
  14 frost giants
  2 cacodemons (WizLab)
  11 ghouls
  8 deep elf sorcerers
  An orc warlord (Vaults:4)
  A caustic shrike zombie (Crypt:3)
  Louise (Elf:1)
  2 ghost moths
  13 ironbound preservers
  9 quicksilver oozes
  5 draconian shifters
  4 draconian annihilators
  3 spriggan defenders (Depths:3)
  4 deep elf elementalists (Elf:3)
  5 war gargoyles
  3 reapers
  31 very ugly things
  2 broodmothers
  6 draconian stormcallers
  10 ironbound thunderhulks
  21 stone giants
  13 vampire knights
  10 red draconians
  9 green draconians
  4 deep elf demonologists
  8 black draconians
  10 spark wasps
  10 purple draconians
  10 yellow draconians
  9 deep elf annihilators
  A putrid mouth (Depths:2)
  14 white draconians
  7 deep elf death magi
  10 dire elephants
  2 minotaurs
  14 crystal guardians
  A blizzard demon (D:5)
  An eidolon (Crypt:3)
  9 merfolk impalers
  4 ragged hierophants (Desolation)
  10 fire dragons
  9 merfolk javelineers
  9 ettins
  17 great orbs of eyes
  17 jiangshi
  17 yaktaur captains
  33 vault guards
  10 deep elf high priests
  2 rakshasas
  8 servants of whispers (Desolation)
  7 hydras
  2 hell beasts
  4 ice dragons
  7 entropy weavers
  3 jorogumos
  12 centaur warriors
  12 peacekeepers
  An anaconda (shapeshifter) (D:13)
  A bennu zombie (Crypt:3)
  6 spriggan air magi
  3 death knights
  A jorogumo (shapeshifter) (Vaults:5)
  A spriggan skeleton (Crypt:3)
  3 catoblepae
  4 merfolk avatars
  An anaconda (Slime:3)
  2 ogre magi (Vaults:5)
  11 ironbound frosthearts
  A radroach (Spider:4)
  10 boulder beetles
  2 death scarabs (Spider:4)
  6 orc high priests
  2 alligator snapping turtles (Shoals:4)
  4 satyrs
  7 spriggan berserkers
  3 deep troll shamans (Depths:3)
  8 two-headed ogres
  11 vampire magi
  12 dancing weapons
  2 deep troll earth magi
  A hell hog (Depths:1)
  4 death yaks
  8 tengu warriors
  A shock serpent (Slime:2)
  3 sun demons
  5 deep elf knights
  5 soul eaters
  2 hell knights
  2 iron trolls (Depths:3)
  Nergalle (Orc:1)
  5 pharaoh ants
  3 shadow wraiths
  An orange crystal statue (WizLab)
  24 skeletal warriors
  A sixfirhy (Depths:2)
  2 sun moths
  A shadow demon (D:3)
  A quicksilver dragon simulacrum (Depths:1)
  6 sea snakes
  2 spark wasp zombies
  A spectral wolf spider (Spider:4)
  6 bog bodies
  5 glowing orange brains
  A death drake (Spider:3)
  4 deep elf archers
  4 flayed ghosts
  A swamp dragon (Lair:5)
  17 deep trolls
  16 deep elf zephyrmancers
  A spectral jorogumo (Spider:4)
  6 orb spiders
  7 steelbarb worms
  21 ironbound convokers
  5 lindwurms
  9 wizards
  11 phantasmal warriors
  A lindwurm (shapeshifter) (Elf:1)
  Pikel (D:4)
  8 necromancers
  12 harpies
  2 orc sorcerers
  24 deep elf pyromancers
  3 shining eyes
  15 wolf spiders
  32 ugly things
  An oklob plant (D:10)
  8 orc knights
  13 manticores
  5 elephants
  A sphinx skeleton (Depths:2)
  8 cyclopes
  12 fauns
  A salamander (Depths:1)
  A frost giant skeleton (Crypt:1)
  An iron dragon skeleton (Crypt:3)
  12 vault sentinels
  24 moths of wrath
  6 black mambas
  A fire giant skeleton (Vaults:1)
  6 merfolk sirens
  6 guardian serpents
  2 gargoyles
  A rust devil (D:10)
  A cane toad (shapeshifter) (Elf:1)
  4 orange demons
  A smoke demon (Depths:2)
  6 water nymphs
  11 cane toads
  3 torpor snails
  5 eyes of devastation
  Maggie (D:6)
  A spriggan zombie (Depths:1)
  4 efreet
  A yaktaur zombie (Vaults:1)
  3 ice statues
  5 rime drakes
  3 tengu conjurers
  A death yak zombie (Crypt:1)
  6 komodo dragons
  3 kobold demonologists
  3 tormentors
  3 freezing wraiths
  2 unseen horrors
  2 demonic crawlers
  4 anaconda simulacra (IceCv)
  An ancient zyme (Abyss:1)
  A rime drake (shapeshifter) (D:13)
  15 yaktaurs
  7 ice devils
  A guardian mummy (Crypt:3)
  A hydra zombie (Crypt:3)
  A wolf spider simulacrum (D:14)
  A harpy zombie (Crypt:3)
  A red devil (Depths:4)
  A queen bee (shapeshifter) (Depths:3)
  20 merfolk
  9 wind drakes
  8 meliai
  4 polar bears
  7 trolls
  5 hornets
  A spectral tarantella (Spider:4)
  8 dream sheep
  12 tarantellas
  64 saltlings (Desolation)
  A blink frog (shapeshifter) (Depths:2)
  18 blink frogs
  A spectral jumping spider (Spider:4)
  2 tarantella zombies (Spider:4)
  A raiju (shapeshifter) (Elf:3)
  62 slime creatures
  14 snapping turtles
  A fire giant simulacrum (Depths:1)
  A meliai zombie (Crypt:1)
  3 jumping spider zombies (Spider:4)
  26 jumping spiders
  Sigmund (D:2)
  3 frost giant simulacra (Depths:2)
  A fire dragon zombie (Crypt:1)
  A large abomination (D:1)
  4 air elementals
  A black mamba zombie (Crypt:3)
  An alligator skeleton (Crypt:2)
  4 spriggans
  19 culicivoras
  A jumping spider (shapeshifter) (D:13)
  6 vampires
  A yak (shapeshifter) (Vaults:5)
  5 wyverns
  A satyr skeleton (Crypt:2)
  8 water elementals
  4 wraiths
  2 shadows
  3 nameless horrors
  4 dire elephant simulacra (IceCv)
  3 fire elementals
  39 yaks
  4 basilisks
  14 golden eyes
  A hog (shapeshifter) (D:13)
  A neqoxec (Depths:4)
  8 vampire mosquitoes
  39 redbacks
  A death yak simulacrum (IceCv)
  Menkaure (D:4)
  12 wargs
  A naga (Slime:3)
  A harpy simulacrum (IceCv)
  Edmund (D:6)
  2 glowing shapeshifter zombies (Vaults:3)
  4 acid dragons
  13 water moccasins
  A hydra simulacrum (IceCv)
  A small abomination (Abyss:1)
  A hell hound (Lair:5)
  A naga skeleton (Crypt:3)
  4 floating eyes
  4 swamp drakes
  3 glowing shapeshifter skeletons
  4 ice beasts
  30 orc warriors
  3 sky beasts
  A cane toad skeleton (Crypt:2)
  10 starcursed masses (WizLab)
  3 black bears
  8 ogres
  4 wolves
  5 boggarts
  A phantom (D:6)
  A swamp dragon skeleton (Crypt:3)
  7 centaurs
  A human skeleton (Vaults:3)
  An elephant skeleton (Crypt:2)
  3 lemures
  A komodo dragon zombie (Crypt:1)
  6 kobold brigands
  3 necrophages
  12 bullfrogs
  A two-headed ogre simulacrum (Lair:3)
  5 gnoll sergeants
  10 scorpions
  A cyclops zombie (Crypt:1)
  2 cane toad simulacra
  18 wights
  An elephant simulacrum (IceCv)
  A raiju skeleton (Crypt:2)
  A wolf zombie (Crypt:1)
  3 howler monkeys
  A jelly (D:5)
  9 hounds
  3 iron imps (D:5)
  22 orc priests
  5 gnoll boudas
  8 iguanas
  7 orc wizards
  A spriggan simulacrum (IceCv)
  2 troll simulacra (Lair:3)
  2 wolf simulacra
  2 naga zombies (Crypt:3)
  An acid dragon skeleton (Crypt:2)
  A scorpion simulacrum (D:3)
  13 mummies
  Robin (D:4)
  47 gnolls
  16 adders
  4 river rats (Sewer)
  A swamp drake zombie (Crypt:1)
  A hound simulacrum (D:3)
  2 shadow imps (D:7)
  3 white imps
  An ufetubus (D:4)
  A lava snake skeleton (Crypt:2)
  5 worms
  72 orcs
  15 ball pythons
  9 bats
  7 endoplasms
  11 giant cockroaches
  10 goblins
  10 hobgoblins
  27 jackals
  7 quokkas
  A ball python simulacrum (D:3)
  4 frilled lizards
  A giant cockroach simulacrum (D:3)
  A goblin zombie (Crypt:2)
  2 jackal simulacra (D:3)
  23 kobolds
  2 kobold zombies (D:8)
  2 orc zombies (D:8)
  2 rats
  A lurking horror (Shoals:3)
  2 starspawn tentacles
2341 creatures vanquished.

Vanquished Creatures (collateral kills)
  A dread lich (Zot:5)
  2 orbs of fire
  A juggernaut (Slime:4)
  2 golden dragons
  Jorgrun (Spider:1)
  2 tentacled monstrosities
  A moon troll (WizLab)
  Mlioglotl (Spider:2)
  4 Orb Guardians (Zot:5)
  A titan (Shoals:4)
  7 acid blobs
  A quicksilver dragon (Zot:5)
  A sphinx (Vaults:5)
  A death cob (Zot:1)
  A tentacled starspawn (WizLab)
  2 shadow dragons
  A draconian monk (Zot:1)
  A fire giant (Vaults:5)
  A draconian knight (Zot:1)
  A frost giant (Vaults:5)
  A vault warden (Vaults:5)
  3 emperor scorpions
  An iron dragon (Vaults:5)
  2 ghost moths
  2 ironbound preservers (Vaults:5)
  3 stone giants
  A vampire knight (Crypt:3)
  5 very ugly things
  2 quicksilver oozes
  A black draconian (Zot:1)
  A dire elephant (Vaults:2)
  A minotaur (Zot:1)
  2 spark wasps
  A red draconian (Zot:1)
  2 white draconians (Zot:5)
  A halazid warlock (Desolation)
  A fire dragon (Lair:5)
  2 ragged hierophants (Desolation)
  5 great orbs of eyes
  A peacekeeper (Desolation)
  A servant of whispers (Desolation)
  A hell beast (Depths:1)
  A vault guard (Vaults:5)
  A death knight (Vaults:3)
  A catoblepas (Lair:1)
  An alligator snapping turtle (Shoals:2)
  A centaur warrior (Shoals:3)
  An alligator (Slime:3)
  A boulder beetle (Vaults:1)
  4 death scarabs (Spider:4)
  4 dancing weapons
  A radroach (Spider:3)
  A soul eater (D:5)
  An iron troll (Depths:1)
  3 sea snakes
  A skeletal warrior (Crypt:3)
  4 steelbarb worms
  A ghost moth zombie (Crypt:3)
  2 orb spiders
  A cherub (Spider:4)
  A flayed ghost (Crypt:3)
  A glowing orange brain (WizLab)
  2 ironbound convokers (Desolation)
  A lindwurm (Vaults:3)
  A phantasmal warrior (Vaults:5)
  2 harpies
  2 shining eyes
  6 wolf spiders
  A deep elf zephyrmancer (Elf:2)
  A deep elf pyromancer (Elf:1)
  2 ugly things
  A cyclops (Shoals:3)
  A merfolk siren (Shoals:3)
  5 moths of wrath
  The ghost of SmokeWeed the Chopper, a novice HOFi of Beogh (D:6)
  2 vault sentinels
  A molten gargoyle (Desolation)
  A demonic crawler (Spider:2)
  A cane toad (Lair:5)
  2 spectral redbacks (Spider:4)
  A komodo dragon (Lair:5)
  A redback zombie (Spider:4)
  4 merfolk
  8 saltlings (Desolation)
  A spectral tarantella (Spider:4)
  2 wind drakes (Shoals:4)
  A blink frog (Lair:5)
  A spectral jumping spider (Spider:4)
  5 tarantellas
  A jumping spider zombie (Spider:4)
  2 snapping turtles
  A tarantella zombie (Spider:4)
  19 slime creatures
  3 dream sheep
  5 jumping spiders
  4 water elementals
  4 culicivoras (Spider:1)
  2 fire elementals
  A nameless horror (Vaults:3)
  3 golden eyes (Slime:5)
  2 yaks (Lair:5)
  11 redbacks
  2 vampire mosquitoes (D:12)
  4 water moccasins
  2 orc warriors
  An ogre (Orc:2)
  The ghost of bande the Covered, an amateur GrFi (D:3)
  A vine stalker zombie (Crypt:3)
  4 orc priests
  An orc wizard (Orc:2)
  A scorpion simulacrum (D:3)
  6 orcs
243 creatures vanquished.

Vanquished Creatures (others)
  A revenant (Crypt:3)
  A draconian knight (Zot:2)
  A ghost moth (Zot:5)
  2 draconian annihilators (Zot:2)
  A white draconian (Zot:2)
  2 black draconians (Zot:2)
  3 red draconians (Zot:2)
  An ettin (Slime:3)
  A ragged hierophant (Desolation)
  A deep elf high priest (Vaults:5)
  Sonja (Orc:2)
  A troll (Orc:2)
  A saltling (Desolation)
  A redback (Spider:2)
  A sky beast (Orc:2)
  A wolf (Orc:2)
  An orc (Orc:1)
  A block of ice (Spider:2)
  10 demonic plants (WizLab)
  21 fungi
  162 plants
  5 starspawn tentacles
  3 withered plants
223 creatures vanquished.

Grand Total: 2807 creatures vanquished

Notes
Turn   | Place    | Note
-------+----------+-------------------------------------------
     0 | D:1      | ragingrage the Demonspawn Earth Elementalist began the
                  | quest for the Orb.
     0 | D:1      | Reached XP level 1. HP: 13/13 MP: 3/3
   161 | D:1      | Gained mutation: You are partially covered in thin metallic
                  | scales. (AC +2) [demonic ancestry]
   161 | D:1      | Reached XP level 2. HP: 19/19 MP: 1/5
   432 | D:1      | Found a faded altar of an unknown god.
   845 | D:2      | You fall into a shaft and drop 1 floor!
   845 | D:3      | Found a faded altar of an unknown god.
   849 | D:3      | Found a sparkling altar of Nemelex Xobeh.
   917 | D:3      | Found a runed translucent gate.
   917 | D:3      | Found a runed translucent gate.
   917 | D:3      | Found a runed translucent gate.
   989 | D:3      | Found a glowing drain.
   992 | D:3      | Reached XP level 3. HP: 21/24 MP: 3/6
  1038 | Sewer    | Entered a sewer
  1187 | Sewer    | Gained mutation: You are mostly covered in thin metallic
                  | scales. (AC +3) [demonic ancestry]
  1187 | Sewer    | Reached XP level 4. HP: 19/30 MP: 4/7
  1542 | Sewer    | Learned a level 2 spell: Passwall
  1566 | Sewer    | Learned a level 3 spell: Stone Arrow
  1644 | Sewer    | Reached skill level 5 in Earth Magic
  1958 | Sewer    | Gained mutation: You have a pair of small antennae on your
                  | head. [demonic ancestry]
  1958 | Sewer    | Reached XP level 5. HP: 35/35 MP: 4/8
  2736 | D:2      | Noticed Sigmund
  2823 | D:3      | Gained mutation: You have a pair of antennae on your head.
                  | [demonic ancestry]
  2823 | D:3      | Reached XP level 6. HP: 37/41 MP: 6/9
  3169 | D:3      | Noticed bande's ghost (amateur GrFi)
  3462 | D:4      | Noticed Robin
  3467 | D:4      | Killed Robin
  4003 | D:4      | Noticed Pikel
  4230 | D:2      | Identified the +1 scale mail of Dishonesty {*Corrode rPois
                  | Will+ Int+6}
  4265 | D:2      | Killed Sigmund
  4266 | D:2      | Gained mutation: You have a pair of large antennae on your
                  | head. (SInv) [demonic ancestry]
  4266 | D:2      | Reached XP level 7. HP: 38/46 MP: 5/10
  5352 | D:4      | Killed Pikel
  5353 | D:4      | Reached XP level 8. HP: 40/52 MP: 3/11
  5633 | D:4      | Noticed Menkaure
  5639 | D:4      | Killed Menkaure
  5972 | D:5      | Entered Level 5 of the Dungeon
  6076 | D:3      | Became a worshipper of Nemelex Xobeh the Trickster
  6198 | D:5      | Found a burning altar of Makhleb.
  6307 | D:5      | Reached skill level 1 in Invocations
  6396 | D:5      | Reached skill level 1 in Fighting
  6396 | D:5      | Reached skill level 1 in Conjurations
  6575 | D:5      | Reached skill level 1 in Armour
  6694 | D:5      | Reached skill level 2 in Invocations
  6970 | D:5      | Found a broken altar of Ashenzari.
  7015 | D:5      | Found a runed translucent door.
  7016 | D:5      | Noticed Crazy Yiuf
  7583 | D:5      | Found a staircase to the Ecumenical Temple.
  7592 | Temple   | Entered the Ecumenical Temple
  7723 | D:5      | Reached XP level 9. HP: 61/61 MP: 10/13
  8522 | D:6      | Reached * piety under Nemelex Xobeh
  8711 | D:6      | Received a gift from Nemelex Xobeh
  8983 | D:6      | Reached skill level 10 in Earth Magic
  9001 | D:6      | Noticed Edmund
  9006 | D:6      | Killed Edmund
  9077 | D:6      | Reached skill level 1 in Shields
  9177 | D:6      | Found Kaca's Magic Scroll Boutique.
  9181 | D:6      | Bought a scroll of acquirement for 520 gold pieces
  9181 | D:6      | Bought a scroll of fear for 40 gold pieces
  9182 | D:6      | Acquired a +0 demon blade of electrocution
  9222 | D:6      | Noticed Maggie
  9231 | D:6      | Killed Maggie
  9366 | D:6      | Gained mutation: You sometimes gain a little power by
                  | taking damage. [demonic ancestry]
  9366 | D:6      | Reached XP level 10. HP: 64/72 MP: 11/16
  9528 | D:6      | Found a runed translucent gate.
  9528 | D:6      | Found a runed translucent gate.
  9528 | D:6      | Found a runed translucent gate.
  9530 | D:6      | Noticed SmokeWeed's ghost (novice HOFi)
  9709 | D:7      | Identified the +6 hand axe of Yvvu {vamp, rF+ Str+6 Dex+2}
  9764 | D:7      | Reached ** piety under Nemelex Xobeh
  9920 | D:7      | Identified the +5 war axe of Taschof {vamp, Str+3}
 10256 | D:7      | Found a transporter.
 10657 | D:7      | Found a one-way gate to the infinite horrors of the Abyss.
 10657 | D:7      | Noticed DeathPants's ghost (novice VSEn)
 10677 | D:7      | Found a transporter.
 11068 | D:8      | Reached skill level 5 in Spellcasting
 11104 | D:8      | Received a gift from Nemelex Xobeh
 11373 | D:8      | Reached skill level 5 in Stealth
 11426 | D:8      | Reached skill level 5 in Fighting
 11426 | D:8      | Reached skill level 5 in Conjurations
 11539 | D:8      | Noticed a two-headed ogre
 11546 | D:8      | Killed a two-headed ogre
 11725 | D:8      | Reached *** piety under Nemelex Xobeh
 12468 | D:9      | Received a gift from Nemelex Xobeh
 12576 | D:9      | Noticed a two-headed ogre
 12584 | D:9      | Killed a two-headed ogre
 12586 | D:9      | Gained mutation: Your demonic aura sometimes causes spilled
                  | blood to erupt in flames. [demonic ancestry]
 12586 | D:9      | Reached XP level 11. HP: 75/81 MP: 13/18
 13275 | D:10     | Entered Level 10 of the Dungeon
 13359 | D:10     | Reached skill level 3 in Invocations
 13494 | D:9      | Reached skill level 5 in Shields
 13627 | D:10     | Noticed an oklob plant
 13853 | D:10     | Received a gift from Nemelex Xobeh
 13870 | D:10     | Noticed a deep elf pyromancer
 13877 | D:10     | Killed a deep elf pyromancer
 13878 | D:10     | Reached skill level 1 in Evocations
 14293 | D:10     | Reached **** piety under Nemelex Xobeh
 14326 | D:10     | Noticed a two-headed ogre
 14331 | D:10     | Killed a two-headed ogre
 14332 | D:10     | Reached skill level 4 in Invocations
 14455 | D:10     | Received a gift from Nemelex Xobeh
 14568 | D:10     | Found a staircase to the Lair.
 15018 | D:10     | Killed an oklob plant
 15118 | Lair:1   | Entered Level 1 of the Lair of Beasts
 15262 | Lair:1   | Reached skill level 5 in Invocations
 15407 | Lair:1   | Reached skill level 5 in Armour
 15485 | Lair:1   | Received a gift from Nemelex Xobeh
 15547 | Lair:1   | Noticed a catoblepas
 15582 | Lair:1   | Noticed a sun demon
 16277 | Lair:1   | Identified the -2 quarterstaff of Tegixkin {vorpal, rPois
                  | rC- SInv}
 16281 | Lair:1   | Killed a catoblepas
 16282 | Lair:1   | Reached skill level 6 in Invocations
 16607 | Lair:2   | Noticed a death yak
 16637 | Lair:2   | Killed a death yak
 16638 | Lair:2   | Reached XP level 12. HP: 91/91 MP: 6/19
 16640 | Lair:2   | Noticed a death yak
 16715 | Lair:2   | Noticed a catoblepas
 16930 | Lair:2   | Noticed a six-headed hydra
 16942 | Lair:2   | Killed a six-headed hydra
 16943 | Lair:2   | Reached skill level 7 in Invocations
 16979 | Lair:2   | Noticed a five-headed hydra
 16986 | Lair:2   | Killed a five-headed hydra
 17332 | Lair:2   | Killed a catoblepas
 17333 | Lair:2   | Reached skill level 8 in Invocations
 17417 | Lair:2   | Noticed a death yak
 17715 | Lair:2   | Found a staircase to the Shoals.
 17729 | Lair:2   | Reached skill level 5 in Dodging
 17841 | Lair:2   | Received a gift from Nemelex Xobeh
 17859 | Lair:2   | Found a hole to the Spider Nest.
 18180 | Lair:2   | Reached ***** piety under Nemelex Xobeh
 18343 | Lair:2   | Reached skill level 5 in Evocations
 18680 | Lair:3   | Reached skill level 9 in Invocations
 18829 | Lair:3   | Noticed a death yak
 18843 | Lair:3   | Killed a death yak
 19080 | Lair:3   | Found a frozen archway.
 19080 | Lair:3   | Noticed a six-headed hydra
 19083 | Lair:3   | Killed a six-headed hydra
 19103 | IceCv    | Entered an ice cave
 19111 | IceCv    | Reached skill level 10 in Invocations
 19746 | IceCv    | Acquired the +1 pair of gloves of Grottiness {Int+3}
 20305 | IceCv    | Gained mutation: Your demonic aura often causes spilled
                  | blood to erupt in flames. [demonic ancestry]
 20305 | IceCv    | Reached XP level 13. HP: 100/100 MP: 10/20
 20778 | IceCv    | Reached skill level 11 in Invocations
 21101 | Lair:3   | Identified the ring of Ruzxeb {rC++ Str+6 Int+3}
 21392 | Lair:3   | Received a gift from Nemelex Xobeh
 22731 | Lair:4   | Received a gift from Nemelex Xobeh
 22842 | Lair:4   | Identified the +6 great sword of the Messenger {freeze,
                  | Int+3}
 22943 | Lair:4   | Reached skill level 12 in Invocations
 23135 | Lair:4   | Received a gift from Nemelex Xobeh
 23855 | Lair:5   | Entered Level 5 of the Lair of Beasts
 23855 | Lair:5   | Found a viscous altar of Jiyva.
 23855 | Lair:5   | Found a staircase to the Slime Pits.
 24019 | Lair:5   | Got the Discourse on the Undead and Accomplices
 24032 | Lair:5   | Received a gift from Nemelex Xobeh
 24193 | Lair:5   | Learned a level 4 spell: Animate Armour
 24313 | Lair:5   | Reached skill level 13 in Invocations
 24486 | Lair:5   | Reached skill level 1 in Summonings
 24690 | Lair:5   | Reached skill level 10 in Fighting
 25338 | Lair:5   | Noticed a fire dragon
 25345 | Lair:5   | Killed a fire dragon
 25346 | Lair:5   | Gained mutation: You sometimes gain power by taking damage.
                  | [demonic ancestry]
 25346 | Lair:5   | Reached XP level 14. HP: 78/110 MP: 8/24
 26508 | D:11     | Received a gift from Nemelex Xobeh
 26591 | D:11     | Found a stormy altar of Qazlal.
 26866 | D:11     | Reached ****** piety under Nemelex Xobeh
 27615 | D:11     | Reached skill level 14 in Invocations
 27782 | D:11     | Found a staircase to the Orcish Mines.
 27837 | D:11     | Found a portal to a secret trove of treasure.
 27900 | D:11     | Received a gift from Nemelex Xobeh
 28536 | Orc:1    | Entered Level 1 of the Orcish Mines
 28769 | Orc:1    | Noticed Nergalle
 28913 | Orc:1    | Killed Nergalle
 28923 | Orc:2    | Entered Level 2 of the Orcish Mines
 29337 | Orc:2    | Found a staircase to the Elven Halls.
 29337 | Orc:2    | Noticed Sonja
 29359 | Orc:2    | Your ally Sonja died
 29461 | Orc:2    | Noticed Donald
 29467 | Orc:2    | Killed Donald
 29484 | Orc:2    | Received a gift from Nemelex Xobeh
 31264 | Orc:2    | Received a gift from Nemelex Xobeh
 31552 | Orc:2    | Reached skill level 15 in Invocations
 31787 | Orc:2    | Found Feitoque's Armour Shoppe.
 31787 | Orc:2    | Found Qumniby's Distillery.
 31788 | Orc:2    | Found Udioxt's Antique Armour Emporium.
 31788 | Orc:2    | Found Erauseac's Assorted Antiques.
 31795 | Orc:2    | Bought a +0 cloak of willpower for 161 gold pieces
 31807 | Orc:2    | Bought an ancient cloak for 256 gold pieces
 31807 | Orc:2    | Identified the +0 cloak of Optimism {rF+ Int+4 Dex+4} (You
                  | bought it in a shop on level 2 of the Orcish Mines)
 31820 | Orc:2    | Bought a scroll of identify for 78 gold pieces
 31822 | Orc:2    | Bought 2 potions of experience for 1100 gold pieces
 31822 | Orc:2    | Gained mutation: Your magical and physical power is
                  | slightly enhanced at high health. [demonic ancestry]
 31822 | Orc:2    | Reached XP level 15. HP: 115/115 MP: 26/26
 31823 | Orc:2    | Gained mutation: Your demonic aura causes all spilled blood
                  | to erupt in flames. [demonic ancestry]
 31823 | Orc:2    | Reached XP level 16. HP: 122/122 MP: 26/28
 32692 | D:12     | Received a gift from Nemelex Xobeh
 32975 | D:12     | Identified the +1 robe "Fuoffop" {Str+5 Int-2}
 33303 | D:13     | Noticed a sphinx
 33321 | D:13     | Killed a sphinx
 33537 | D:13     | Received a gift from Nemelex Xobeh
 33636 | D:13     | Found a gate to the Vaults.
 33937 | D:13     | Identified the +0 chain mail "Gebipt" {Fly}
 34348 | D:13     | Received a gift from Nemelex Xobeh
 34420 | D:13     | Noticed Snorg
 34423 | D:13     | Snorg changed into Snorg the entropy weaver
 34423 | D:13     | Noticed Snorg
 34427 | D:13     | Killed Snorg the entropy weaver
 34428 | D:13     | Reached skill level 10 in Dodging
 34548 | D:14     | Found Ygoavvile's General Store.
 34551 | D:14     | Bought a scroll of butterflies for 52 gold pieces
 34782 | D:14     | Reached skill level 5 in Summonings
 34937 | D:14     | Found a radiant altar of Vehumet.
 35082 | D:14     | Reached XP level 17. HP: 114/128 MP: 15/29
 35709 | D:14     | Received a gift from Nemelex Xobeh
 35996 | D:15     | Entered Level 15 of the Dungeon
 36189 | D:15     | Received a gift from Nemelex Xobeh
 36644 | D:15     | Identified the ring of Kuifaskuqywn {Ice rElec Str+3 Int-2}
 37369 | D:15     | Found a staircase to the Depths.
 37982 | D:15     | Found a stormy altar of Qazlal.
 38205 | Shoals:1 | Entered Level 1 of the Shoals
 38706 | Lair:2   | Learned a level 6 spell: Summon Cactus Giant
 38725 | Shoals:1 | Received a gift from Nemelex Xobeh
 38872 | Shoals:1 | Found a hide-covered altar of Uskayaw.
 38966 | Shoals:1 | Reached skill level 10 in Spellcasting
 40611 | Shoals:2 | Received a gift from Nemelex Xobeh
 41725 | Shoals:3 | Received a gift from Nemelex Xobeh
 41925 | Shoals:3 | Found a corrupted altar of Lugonu.
 42524 | Shoals:3 | Reached skill level 10 in Armour
 43303 | Shoals:3 | Received a gift from Nemelex Xobeh
 43535 | Shoals:4 | Entered Level 4 of the Shoals
 43891 | Shoals:4 | Reached XP level 18. HP: 127/136 MP: 15/32
 44240 | Shoals:4 | Paralysed by an air elemental for 1 turns
 44242 | Shoals:4 | Paralysed by an air elemental for 1 turns
 44246 | Shoals:4 | Paralysed by an air elemental for 1 turns
 44303 | Shoals:4 | Paralysed by an air elemental for 1 turns
 44306 | Shoals:4 | Paralysed by an air elemental for 1 turns
 44357 | Shoals:4 | Reached skill level 16 in Invocations
 44444 | Shoals:4 | Received a gift from Nemelex Xobeh
 44581 | Shoals:4 | Identified the +1 robe of Claustrophobia {Int+4}
 45362 | Shoals:4 | Identified the +5 long sword of Gutyrph {vorpal, rCorr
                  | Int+2}
 45362 | Shoals:4 | Identified the +4 sling of Premature Burial {flame, rElec
                  | rPois Dex-5}
 45961 | Shoals:4 | Paralysed by an air elemental for 1 turns
 45964 | Shoals:4 | Paralysed by an air elemental for 1 turns
 46754 | Shoals:4 | Got a barnacled rune of Zot
 47125 | Spider:1 | Entered Level 1 of the Spider Nest
 47137 | Spider:1 | Noticed Jorgrun
 47148 | Spider:1 | Killed Jorgrun
 47250 | Spider:1 | Received a gift from Nemelex Xobeh
 50205 | Spider:2 | Noticed Mlioglotl
 50207 | Spider:2 | Reached skill level 17 in Invocations
 50212 | Spider:2 | Killed Mlioglotl
 50228 | Spider:2 | Reached skill level 10 in Summonings
 51156 | Spider:2 | Acquired 584 gold pieces
 51166 | Spider:2 | Received a gift from Nemelex Xobeh
 52786 | Spider:3 | Gained mutation: Your magical and physical power is
                  | enhanced at high health. [demonic ancestry]
 52786 | Spider:3 | Reached XP level 19. HP: 135/147 MP: 33/33
 53024 | Spider:3 | Received a gift from Nemelex Xobeh
 53512 | Spider:4 | Entered Level 4 of the Spider Nest
 53684 | Spider:4 | Received a gift from Nemelex Xobeh
 54276 | Spider:4 | Reached skill level 18 in Invocations
 55569 | Spider:4 | Learned a level 5 spell: Lee's Rapid Deconstruction
 55572 | Spider:4 | Received a gift from Nemelex Xobeh
 57426 | Spider:4 | Got a gossamer rune of Zot
 58064 | D:3      | Killed bande's ghost
 58276 | D:6      | Killed SmokeWeed's ghost
 58296 | D:6      | Identified the +2 hat of the Falcon {rElec Str+10 Int+3
                  | Dex-2}
 58537 | Elf:1    | Entered Level 1 of the Elven Halls
 59334 | Elf:1    | Noticed Louise
 59343 | Elf:1    | Killed Louise
 59763 | Elf:1    | Received a gift from Nemelex Xobeh
 59805 | Elf:1    | Found Juatuih's General Store.
 59846 | Elf:1    | Got the Reference Book on the Commander
 60023 | Elf:2    | Found Myn Ypoudy's Assorted Antiques.
 60031 | Elf:2    | Received a gift from Nemelex Xobeh
 60037 | Elf:2    | Bought a fading chain mail for 389 gold pieces
 60037 | Elf:2    | Identified the +8 chain mail "Yliphao" {rF- Will+ Regen+
                  | MP+9} (You bought it in a shop on level 2 of the Elven
                  | Halls)
 60370 | Elf:2    | Noticed Asterion
 60377 | Elf:2    | Killed Asterion
 60635 | Elf:2    | Found Runeonik's General Store.
 60734 | Elf:2    | Paralysed by an air elemental for 1 turns
 60751 | Elf:2    | Bought a scroll of butterflies for 72 gold pieces
 60933 | Elf:2    | Found a runed translucent gate.
 60934 | Elf:2    | Found a runed translucent gate.
 60934 | Elf:2    | Found a runed translucent gate.
 60977 | Elf:3    | Entered Level 3 of the Elven Halls
 60984 | Elf:3    | Found a magical portal.
 60993 | WizLab   | Entered Lehudib's Moon Base
 61184 | WizLab   | Found a transporter.
 61205 | WizLab   | Reached XP level 20. HP: 159/159 MP: 27/34
 61833 | WizLab   | Received a gift from Nemelex Xobeh
 61860 | WizLab   | Gained mutation: Your spells are a little easier to cast,
                  | but a little less powerful. [a cacodemon]
 61971 | WizLab   | Lost mutation: Your spells are a little easier to cast, but
                  | a little less powerful. [potion of mutation]
 61971 | WizLab   | Gained mutation: Your flesh is heat resistant. (rF+)
                  | [potion of mutation]
 61971 | WizLab   | Gained mutation: You passively map a small area around you.
                  | [potion of mutation]
 62803 | WizLab   | Identified the +1 cloak of the Raven {Fly Str+4 SInv}
 63194 | WizLab   | Found a transporter.
 63410 | WizLab   | Got the Compendium of Ruinous Blasphemous Rites
 63421 | WizLab   | Identified the +4 long sword of Valour {vorpal, rF++ SInv}
 63692 | Elf:3    | Identified the +6 sling "Cookie Cutter" {flame, Str+5 SInv
                  | Stlth-}
 63760 | Elf:3    | Received a gift from Nemelex Xobeh
 65141 | Elf:3    | Identified the +2 leather armour of Fobyagan {Will+}
 65141 | Elf:3    | Identified the amulet of Izywnypt {Spirit +Blink rPois}
 65940 | Elf:3    | Identified the +8 lajatang of Bodily Humours {spect, Str+3
                  | Int+7}
 66090 | Elf:3    | Identified the +8 chain mail of Understanding {Str+4}
 66312 | Elf:3    | Identified the +7 spear of the Devouring Gods {vorpal, MP+9
                  | Int+3 SInv}
 66357 | Elf:3    | Learned a level 2 spell: Sublimation of Blood
 66363 | Elf:3    | Learned a level 5 spell: Irradiate
 66861 | Vaults:1 | Entered Level 1 of the Vaults
 67145 | Vaults:1 | Received a gift from Nemelex Xobeh
 68078 | Vaults:1 | Received a gift from Nemelex Xobeh
 68210 | Vaults:1 | Reached skill level 10 in Stealth
 68601 | Vaults:1 | Found a large runed translucent door.
 68601 | Vaults:1 | Found a large runed translucent door.
 68601 | Vaults:1 | Noticed jlumianski's ghost (adept MiFi)
 68601 | Vaults:1 | Noticed Galytir's ghost (adept HOFi)
 68620 | Vaults:1 | Gained mutation: You are powered by pain. [demonic
                  | ancestry]
 68620 | Vaults:1 | Reached XP level 21. HP: 165/165 MP: 36/36
 68823 | Vaults:1 | Found Leiwaif's Distillery.
 68848 | Vaults:1 | Bought a potion of haste for 160 gold pieces
 68848 | Vaults:1 | Bought a potion of curing for 48 gold pieces
 68848 | Vaults:1 | Bought a potion of heal wounds for 80 gold pieces
 68848 | Vaults:1 | Bought a potion of invisibility for 128 gold pieces
 69213 | Vaults:1 | Received a gift from Nemelex Xobeh
 69277 | Vaults:2 | Found Ekiume's Antique Armour Emporium.
 69282 | Vaults:2 | Bought a faintly glowing buckler for 199 gold pieces
 69282 | Vaults:2 | Identified the +2 buckler "Jyagg" {rCorr Str+4 Int-4} (You
                  | bought it in a shop on level 2 of the Vaults)
 69292 | Vaults:2 | Bought a smoking plate armour for 588 gold pieces
 69292 | Vaults:2 | Identified the +3 plate armour of Hankuin {rF+} (You bought
                  | it in a shop on level 2 of the Vaults)
 69862 | Vaults:2 | Found a crumbling gateway.
 69884 | Desolati | Entered the Desolation of Salt
 70330 | Desolati | Identified the ring of the Salmon {Contam Will+++ rCorr
                  | Str-4 Stlth+}
 70451 | Desolati | Identified the amulet of Yendor {RegenMP *Slow Str+3
                  | Slay+2}
 70518 | Desolati | Found the +5 Lochaber axe {reach-cleave, poleaxe, Drain}
 70707 | Desolati | Received a gift from Nemelex Xobeh
 70775 | Desolati | Identified the amulet of Qazlal's Supremacy {rF- Regen+
                  | MP+9 Stlth+}
 71124 | Desolati | Got Rimy's Vellum of Spatial Heat
 71372 | Desolati | Identified the +2 lajatang of Scorn {speed, rF++}
 71376 | Desolati | Identified the ring of the Furies {AC+4 Str+3}
 71516 | Desolati | Received a gift from Nemelex Xobeh
 71520 | Desolati | Got the Quarto of Venomous Left-Handed Mysteries
 71609 | Desolati | Identified the amulet "Nac Vunt" {Reflect rPois SH+5}
 71957 | Desolati | Found the +1 robe of Vines {NoPotionHeal Regen++++}
 72033 | Desolati | Reached skill level 19 in Invocations
 72734 | Vaults:2 | Reached skill level 15 in Earth Magic
 73172 | Vaults:2 | Received a gift from Nemelex Xobeh
 73884 | Vaults:3 | Received a gift from Nemelex Xobeh
 75205 | Vaults:3 | Gained mutation: You are completely covered in thin
                  | metallic scales. (AC +4, rElec) [demonic ancestry]
 75205 | Vaults:3 | Reached XP level 22. HP: 172/172 MP: 31/38
 75941 | Vaults:3 | Reached skill level 20 in Invocations
 76529 | Vaults:3 | Found a staircase to the Crypt.
 76646 | Vaults:4 | Received a gift from Nemelex Xobeh
 77267 | Vaults:4 | Learned a level 5 spell: Borgnjor's Vile Clutch
 77431 | Vaults:4 | Received a gift from Nemelex Xobeh
 77556 | Vaults:4 | Reached skill level 1 in Necromancy
 78094 | Vaults:4 | Reached skill level 15 in Stealth
 79044 | Depths:1 | Entered Level 1 of the Depths
 79193 | Depths:1 | Received a gift from Nemelex Xobeh
 79650 | Depths:1 | Found Nuiruth's General Store.
 79688 | Depths:1 | Reached skill level 5 in Necromancy
 80201 | Depths:1 | Bought a potion of heal wounds for 100 gold pieces
 80201 | Depths:1 | Bought a scroll of fog for 80 gold pieces
 80201 | Depths:1 | Bought a scroll of teleportation for 60 gold pieces
 80201 | Depths:1 | Bought a scroll of magic mapping for 150 gold pieces
 80208 | Depths:1 | Found a gateway to Hell.
 80786 | Depths:1 | Received a gift from Nemelex Xobeh
 82596 | Depths:2 | Noticed Grunn
 82855 | Depths:2 | Reached XP level 23. HP: 178/178 MP: 7/39
 83067 | Depths:2 | Killed Grunn
 83153 | Depths:2 | Identified the +10 hand axe "Geubim" {drain, *Corrode rElec
                  | rN+}
 83485 | Depths:2 | Received a gift from Nemelex Xobeh
 83935 | Depths:2 | Found a hide-covered altar of Uskayaw.
 84166 | Depths:2 | Found a one-way gate leading to the halls of Pandemonium.
 84664 | Depths:2 | Found a one-way gateway to a ziggurat.
 84726 | Depths:2 | Got First Steps in Witchery
 85410 | Depths:3 | Reached skill level 10 in Necromancy
 85671 | Depths:3 | Received a gift from Nemelex Xobeh
 85830 | Depths:3 | Identified the ring of Mith {Str+3 Slay+4}
 86350 | Depths:3 | Reached skill level 15 in Dodging
 86802 | Depths:3 | Found a transporter.
 87135 | Depths:3 | Found a transporter.
 87552 | Depths:3 | Found a radiant altar of Vehumet.
 87560 | Depths:3 | Reached skill level 15 in Armour
 87590 | Depths:3 | Identified the ring "Laxuw" {rPois Slay+4}
 87705 | Depths:3 | Identified the +12 arbalest of Peril {drain, rN+++ MP+9
                  | Str-2 SInv}
 88025 | Depths:3 | Identified the ring of Zatzept {AC+4 Str+6 Int+3}
 88216 | Depths:3 | Found an opulent altar of Gozag.
 88277 | Depths:3 | Received a gift from Nemelex Xobeh
 88319 | Depths:4 | Entered Level 4 of the Depths
 89554 | Depths:4 | Identified the +6 broad axe of Makhleb's Displeasure
                  | {freeze, Int+4}
 90331 | Depths:4 | Reached XP level 24. HP: 185/185 MP: 38/39
 90372 | Depths:4 | Found a gate to the Realm of Zot.
 90559 | Depths:4 | Found a corrupted altar of Lugonu.
 91229 | Slime:1  | Entered Level 1 of the Pits of Slime
 91262 | Lair:5   | Learned a level 4 spell: Petrify
 91850 | Slime:2  | Reached skill level 1 in Transmutations
 92093 | Slime:2  | Received a gift from Nemelex Xobeh
 94200 | Slime:3  | Received a gift from Nemelex Xobeh
 94314 | Slime:4  | Gained mutation: Potions are less effective at restoring
                  | your health. [a shining eye]
 94495 | Slime:5  | Entered Level 5 of the Pits of Slime
 94846 | Slime:5  | Learned a level 2 spell: Blink
 94995 | Slime:5  | Reached skill level 1 in Translocations
 95021 | Slime:5  | Noticed the Royal Jelly
 95028 | Slime:5  | Killed the Royal Jelly
 95033 | Slime:4  | a rockslime changed into a juggernaut
 95033 | Slime:4  | Noticed a juggernaut
 95044 | Slime:4  | Killed a juggernaut
 95502 | Slime:5  | Identified the +5 chain mail "Fashrusa" {rC- rN+ Str+6
                  | Slay+3}
 95503 | Slime:5  | Identified the +4 halberd of Zetyshre {freeze, *Corrode Fly
                  | Will+++ SInv}
 95522 | Slime:5  | Identified the +0 ring mail of the Locust {rN+ Str-2
                  | Stlth+}
 95531 | Slime:5  | Identified the +4 whip "Mydoc" {drain, rC- Str+7}
 95532 | Slime:5  | Identified the amulet of Tutaujug {Faith Str+4}
 95540 | Slime:5  | Got a slimy rune of Zot
 95554 | Slime:5  | Identified the +9 falchion of the Turnip {vamp, Fragile
                  | Int+2 Dex+3}
 95582 | Slime:5  | Identified the ring of Acsuprexu {Contam rC++ rCorr Dex+6
                  | SInv}
 95586 | Slime:5  | Identified the ring of Mepou {*Slow +Blink MP+9 Str+3}
 95599 | Slime:5  | Got the Quarto of Lethal Forms
 95618 | Slime:5  | Acquired the amulet of Vitality {RegenMP++ Regen++}
 95618 | Slime:5  | Found the amulet of Vitality {RegenMP++ Regen++}
 95927 | D:6      | Bought a scroll of teleportation for 30 gold pieces
 95927 | D:6      | Bought a scroll of magic mapping for 75 gold pieces
 95927 | D:6      | Bought a scroll of teleportation for 30 gold pieces
 96148 | D:14     | Bought a scroll of teleportation for 39 gold pieces
 96148 | D:14     | Bought a scroll of teleportation for 39 gold pieces
 96148 | D:14     | Bought a wand of digging (3) for 163 gold pieces
 96148 | D:14     | Bought a scroll of blinking for 97 gold pieces
 96148 | D:14     | Bought a scroll of teleportation for 39 gold pieces
 96289 | D:11     | You paid a toll of 14 scrolls of teleportation to enter a
                  | treasure trove
 96290 | Trove    | Entered a treasure trove
 96322 | Trove    | Identified the +2 pair of boots of Vougoici {Int+2}
 96348 | Trove    | Got the Cyclopedia of Rank Combat Magic
 96352 | Trove    | Identified the +4 ring mail of the Moon {rPois Slay+5 SInv
                  | Stlth+}
 96380 | Trove    | Got the Directory of the Dislocated Ground
 96383 | Trove    | Identified the ring "Uteutt" {rF+ rC++ Str+6 Int+2 Dex+2}
 96815 | Zot:1    | Entered Level 1 of the Realm of Zot
 96855 | Zot:1    | Noticed an orb of fire
 96860 | Zot:1    | Gained mutation: Your body sometimes deteriorates upon
                  | taking damage. [an orb of fire]
 96860 | Zot:1    | Gained mutation: Your spells are a little easier to cast,
                  | but a little less powerful. [an orb of fire]
 96874 | Zot:1    | Killed an orb of fire
 96919 | Depths:4 | Learned a level 7 spell: Spellforged Servitor
 96919 | Depths:4 | Lost mutation: Potions are less effective at restoring your
                  | health. [potion of mutation]
 96919 | Depths:4 | Lost mutation: You passively map a small area around you.
                  | [potion of mutation]
 96919 | Depths:4 | Gained mutation: Your system is resistant to poisons.
                  | (rPois) [potion of mutation]
 96919 | Depths:4 | Gained mutation: Your natural rate of healing is unusually
                  | fast. [potion of mutation]
 97004 | Depths:3 | Voluntarily entered the Abyss.
 97009 | Abyss:1  | Received a gift from Nemelex Xobeh
 97097 | Depths:3 | Escaped the Abyss
 97470 | Crypt:1  | Entered Level 1 of the Crypt
 97538 | Crypt:1  | Found a runed translucent door.
 97543 | Crypt:1  | Noticed Zivuv's ghost (veteran FoFi)
 97629 | Crypt:1  | Received a gift from Nemelex Xobeh
 97646 | Crypt:1  | You fall into a shaft and drop 1 floor!
 97776 | Crypt:2  | Reached skill level 1 in Staves
 98041 | Crypt:2  | Reached skill level 5 in Transmutations
 98422 | Crypt:2  | Received a gift from Nemelex Xobeh
 98821 | Crypt:1  | Identified the +4 flail of the Hero {freeze, rElec rPois
                  | rCorr Str+5}
 98838 | Crypt:1  | Received a gift from Nemelex Xobeh
 99537 | Crypt:3  | Entered Level 3 of the Crypt
 99555 | Crypt:3  | Gained mutation: Your magical and physical power is greatly
                  | enhanced at high health. [demonic ancestry]
 99555 | Crypt:3  | Reached XP level 25. HP: 151/179 MP: 24/39
 99826 | Crypt:3  | Noticed a dread lich
 99843 | Crypt:3  | Killed a dread lich
 99933 | Crypt:3  | Reached skill level 10 in Evocations
100252 | Crypt:3  | Found a staircase to the Tomb.
100395 | Crypt:3  | Upgraded the game from 0.30-a0-457-g4b7bca3bfa to
                  | 0.30-a0-458-g86641cc369
100657 | Crypt:3  | Reached skill level 15 in Fighting
100661 | Crypt:3  | Noticed a royal mummy
100674 | Crypt:3  | Killed a royal mummy
100885 | Crypt:3  | Reached skill level 5 in Staves
100907 | Crypt:3  | Found an ancient bone altar of Kikubaaqudgha.
100911 | Crypt:3  | Identified the +7 morningstar "Killer Bee's Peril" {vamp,
                  | rElec}
100913 | Crypt:3  | Found a basalt altar of Yredelemnul.
100979 | Crypt:3  | Identified the +8 scimitar "Giantbane" {freeze, Fly Dex+4
                  | Stlth-}
100981 | Crypt:3  | Got the Anthology of the Vexing Snowflakes
101010 | Crypt:3  | Identified the +1 dagger of Popular Demand {freeze, rC+
                  | Will+}
101062 | Crypt:3  | Received a gift from Nemelex Xobeh
101191 | Crypt:3  | Learned a level 2 spell: Wereblood
101354 | Vaults:5 | Entered Level 5 of the Vaults
101356 | Vaults:5 | Identified the +4 morningstar of Disorder {drain, *Rage rC+
                  | Dex+2}
101365 | Vaults:5 | Identified the +7 spear of Bodily Humours {freeze, Int+3}
101428 | Vaults:5 | Reached skill level 10 in Conjurations
101442 | Vaults:5 | Got Sif Muna's Grimoire of Terrestrial Shifting
101504 | Vaults:5 | Got a silver rune of Zot
101741 | Vaults:5 | Identified the +4 hand axe of Cuaph {drain, rPois rC+
                  | Str+3}
102284 | Vaults:5 | Reached XP level 26. HP: 201/201 MP: 39/39
102351 | Vaults:5 | Noticed an ancient lich
102354 | Vaults:5 | Killed an ancient lich
102454 | Vaults:5 | Found Zaevuth's General Store.
102455 | Vaults:5 | Received a gift from Nemelex Xobeh
102463 | Vaults:5 | Bought a potion of heal wounds for 95 gold pieces
102463 | Vaults:5 | Bought a potion of heal wounds for 95 gold pieces
102463 | Vaults:5 | Bought a potion of mutation for 152 gold pieces
102463 | Vaults:5 | Bought a scroll of butterflies for 76 gold pieces
102934 | Vaults:5 | Learned a level 6 spell: Iron Shot
103818 | Zot:1    | Identified the +1 mace "Killer Bee's Foe" {flame, rCorr
                  | Str+4 Stlth-}
103939 | Zot:1    | Received a gift from Nemelex Xobeh
104107 | Zot:2    | Noticed an ancient lich
104189 | Zot:1    | Killed an ancient lich
104560 | Zot:2    | Noticed an orb of fire
104899 | Zot:2    | Received a gift from Nemelex Xobeh
106134 | Zot:3    | Received a gift from Nemelex Xobeh
106587 | Zot:4    | Received a gift from Nemelex Xobeh
106595 | Zot:4    | Reached XP level 27. HP: 207/207 MP: 37/41
106630 | Zot:4    | Noticed an orb of fire
106642 | Zot:4    | Killed an orb of fire
106725 | Zot:4    | Reached skill level 15 in Conjurations
107197 | Zot:5    | Entered Level 5 of the Realm of Zot
107440 | Zot:5    | Received a gift from Nemelex Xobeh
107551 | Zot:5    | Reached skill level 15 in Spellcasting
107931 | Zot:5    | Noticed a dread lich
107942 | Zot:5    | Killed a dread lich
108015 | Zot:5    | Noticed an ancient lich
108018 | Zot:5    | Killed an ancient lich
108104 | Zot:5    | Noticed a dread lich
108105 | Zot:5    | Noticed an ancient lich
108108 | Zot:5    | Killed a dread lich
108108 | Zot:5    | Noticed a dread lich
108115 | Zot:5    | Killed an ancient lich
108118 | Zot:5    | Killed a dread lich
108121 | Zot:5    | Noticed an orb of fire
108293 | Zot:5    | Gained mutation: Armour fits poorly on your strangely
                  | shaped body. [an orb of fire]
108294 | Zot:5    | Killed an orb of fire
108407 | Zot:5    | Noticed an orb of fire
108416 | Zot:5    | Killed an orb of fire
108617 | Zot:5    | Received a gift from Nemelex Xobeh
108678 | Zot:5    | Noticed an ancient lich
108744 | Zot:5    | Noticed an orb of fire
108751 | Zot:5    | Killed an orb of fire
108809 | Zot:5    | Killed an ancient lich
108810 | Zot:5    | Noticed a dread lich
108853 | Zot:5    | Killed a dread lich
109147 | Zot:5    | Got the Orb of Zot
109181 | Zot:5    | Noticed Tophuab the pandemonium lord
109192 | Zot:5    | Killed Tophuab the pandemonium lord
109537 | D:10     | Noticed Ipuemela the pandemonium lord
109677 | D:5      | Noticed Jaklez the pandemonium lord
109684 | D:5      | Killed Jaklez the pandemonium lord
109692 | D:5      | Noticed Jumi the pandemonium lord
109891 | D:$      | Escaped with the Orb!

Illustrated notes

Levels and vault maps discovered:
D:1:      psy_arrival_radial02, layout_rooms, basic_ecumenical_altar,
          ebering_dispersal_statue_hall, chequers_serial_rivers_small_b
D:2:      layout_basic, uniq_sigmund
D:3:      layout_basic, nicolae_overflow_ecumenical_swirl, gammafunk_ghost_icy,
          portal_sewer_entry_c
D:4:      layout_basic, uniq_pikel, uniq_menkaure, uniq_robin
D:5:      lemuel_castle_with_subvaults [lemuel_castle_interior_carwin_2],
          layout_rooms, mainiacjoe_overflow_surrounded_room, demons_altar,
          minmay_temple_entry_antechambers, uniq_crazy_yiuf_cottage
D:6:      layout_cave_pools, biasface_ghost_orc_armoury, serial_gnoll_camp,
          gnoll_camp_mini_sergeant, gnoll_camp_mini_shop, gnoll_camp_medium_01,
          gnoll_camp_huts_basic, minmay_increasing_density, uniq_maggie,
          uniq_edmund
D:7:      layout_gridville, gammafunk_ghost_abyssal_escape
D:8:      layout_basic, lemuel_doored_altar, minmay_mini_ossuary
D:9:      layout_rooms
D:10:     layout_irregular_city, dpeg_oklobed_lair
D:11:     lemuel_flame_loot_2, layout_cave_pods, minmay_orc_entry_guard_dogs,
          nicolae_trove_entry_crossroad, nicolae_qazlal_scattered_showers
D:12:     layout_stronghold
D:13:     kennysheep_funnel, layout_small_grid, david_vaults_2, uniq_snorg
D:14:     layout_grid_maze, serial_shops, shop, vehumet_crystals,
          hangedman_abyss_or_decor_stagger
D:15:     hangedman_depths_entry_civil_slaughter, layout_loops_cross,
          lemuel_coloured_pillars_altar, hangedman_corner_corridor
Temple:   regret_index_temple_chain_breaker
Lair:1:   layout_cave_pods, nicolae_lair_grazing_beasts
          [nicolae_sub_lair_graze_edge, nicolae_sub_lair_graze_edge,
          nicolae_sub_lair_graze_edge, nicolae_sub_lair_graze_edge]
Lair:2:   layout_cave_pods, elwin_shoals_entry_stream,
          nicolae_spider_entry_non_spiders, minivault_23, minmay_holes,
          grunt_megastairs_1
Lair:3:   dreamdust_isle_of_ice, layout_small_grid,
          portal_ice_cave_entry_pillars_1, lemuel_fruit_tree, grunt_megastairs_3
Lair:4:   layout_long_grid
Lair:5:   guppyfry_lair_end_dragon, layout_long_grid,
          hangedman_lair_caniforms_friends, slime_entry_1,
          infiniplex_staircase_pool, lemuel_fruit_fields
Shoals:1: layout_shoals, regret_index_shoals_crete
Shoals:2: layout_shoals, nicolae_shoals_dead_sea_scrolls
Shoals:3: layout_shoals, amcnicky_altar_lugonu_corruption
Shoals:4: shoals_end_hellmonk_storm_palace [storm_palace_center_square,
          storm_palace_corner_blocked, storm_palace_corner_grid,
          storm_palace_corner_reverse_hut, storm_palace_corner_pillars]
Spider:1: nicolae_spider_hilbert_zone_2 [nicolae_spider_hilbert_4_sides_1_open,
          nicolae_spider_hilbert_4_sides_1_open,
          nicolae_spider_hilbert_4_sides_1_open,
          nicolae_spider_hilbert_4_sides_1_open,
          nicolae_spider_hilbert_6_sides_1_open,
          nicolae_spider_hilbert_6_sides_1_open,
          nicolae_spider_hilbert_3_sides_1_open,
          nicolae_spider_hilbert_3_sides_1_open,
          nicolae_spider_hilbert_3_sides_1_open,
          nicolae_spider_hilbert_3_sides_1_open,
          nicolae_spider_hilbert_6_sides_1_open,
          nicolae_spider_hilbert_6_sides_1_open,
          nicolae_spider_hilbert_6_sides_1_open,
          nicolae_spider_hilbert_6_sides_1_open], uniq_jorgrun
Spider:2: layout_spider_delve, uniq_mlioglotl
Spider:3: layout_spider_delve
Spider:4: floodkiller_spider_rune_tomb
Slime:1:  layout_caves
Slime:2:  layout_caves
Slime:3:  layout_caves
Slime:4:  layout_caves
Slime:5
Orc:1:    layout_caves, nicolae_volcano_entry_s_turn, uniq_nergalle
Orc:2:    st_orc_pillars, layout_caves, special_room, mines5_lemuel,
          uniq_donald, uniq_sonja
Elf:1:    elf_arrival_001, layout_rooms, serial_shops, shop,
          minmay_elf_demonology, uniq_louise
Elf:2:    nicolae_elf_blades_crystal_corner, layout_geoelf_octagon,
          serial_shops, shop, shop, uniq_aizul, uniq_asterion
Elf:3:    minmay_elf_hall_circle, layout_loops_corners, mu_enter_wizlab_1
Vaults:1: advil_vaults_ghost_guards, ontoclasm_vaults_claustrophobia,
          vaults_room_semicircle, hangedman_vaults_stream, v_rooms_3,
          vaults_room_fours, nicolae_vaults_little_squares_6, v_misc_29,
          vaults_mumra_minichess, hangedman_vaults_pinch,
          hangedman_vaults_corner_blocks, nicolae_vaults_little_squares_6,
          layout_vaults_big_cross, serial_shops, shop_coins
Vaults:2: portal_desolation_entry_twin_temple, nicolae_vaults_yaktaur_gun_rack,
          vaults_room_hallway, v_alt_pattern_3, ontoclasm_vaults_pinch,
          ontoclasm_vaults_ring_square, v_pattern_5, vaults_mumra_hexcomb,
          nicolae_vaults_bisected_exclaves, nicolae_vaults_little_squares_4,
          nicolae_vaults_little_squares_3, v_rooms_5, vaults_room_grid,
          layout_vaults_omnibox, serial_shops, shop_fountains
Vaults:3: v_rooms_2, hangedman_vaults_nails, ontoclasm_vaults_idyll,
          blue_anna_dwarven_crypt, ontoclasm_vaults_eye, v_pattern_4,
          hangedman_vaults_maws, nicolae_vaults_little_squares_4,
          vaults_room_fancy_cross, nicolae_vaults_little_ls, st_smaller_cells,
          v_misc_4, vaults_room_hallway, layout_vaults_maze_snakey
Vaults:4: grunt_vaults_focal, v_rooms_1, hangedman_vaults_cutoff,
          nicolae_vaults_network_periphery, hangedman_vaults_nails, v_rooms_5,
          nicolae_vaults_alarming, vaults_room_stairs_pillars,
          ontoclasm_vaults_fault, ontoclasm_vaults_shuriken, v_misc_17,
          vaults_dpeg_diagonal, vaults_room_semicircle,
          nicolae_vaults_gold_heap, layout_vaults_big_room
Vaults:5: serial_shops
Crypt:1:  layout_basic, gammafunk_ghost_grave, minmay_strange_pillars
Crypt:2:  layout_chaotic_city, grunt_megastairs_2
Crypt:3:  lightli_unholy_cathedral, layout_chaotic_city,
          nicolae_tomb_entry_unfolded_pyramid_orthogonal
Depths:1: layout_gridlike, serial_shops, nicolae_diamond_shop,
          serial_bayou_pond_a, grunt_mini_vestibule, zin_treasury
Depths:2: minmay_the_grid_3x2 [minmay_the_grid_rooms, minmay_the_grid_large_cup,
          minmay_the_grid_x, minmay_the_grid_artifice, minmay_the_grid_expand,
          minmay_the_grid_prize_trominoes], layout_basic, enter_ziggurat_c,
          rand_demon_pan_entry_1, hangedman_coc_ice_floe,
          nicolae_uskayaw_murder_on_the_dancefloor, uniq_grunn
Depths:3: hangedman_spin_cycle, hell_entry, abyss_entry
Depths:4: evilmike_zot_entry_argh, layout_cave_pools, grunt_pan_entry_spiral,
          abyss_entry_flame_altar, hell_entry, chequers_serial_rivers_marsh,
          serial_bayou_shore_b
Zot:1:    layout_misc_corridors
Zot:2:    ebering_klown_carousel, layout_concentric_octagons, nrook_zot_tub,
          lemuel_elevator
Zot:3:    layout_twisted_circle, drop_trap, hangedman_zot_decor_scrapings
Zot:4:    layout_gridlike
Zot:5:    layout_twisted_circle, st_stairs_8, grunt_ministairs_7

Skill      XL: |  1  2  3  4  5  6  7  8  9 10 11 12 13 14 15 16 17 18 19 20 21 22 23 24 25 26 27 |
---------------+----------------------------------------------------------------------------------+-----
Earth Magic    | 3 4 5 6 7 9 10 12 14 15 16 17 | 17.0
Invocations    | 2 6 10 13 15 17 18 19 20 | 20.0
Fighting       | 2 4 6 7 8 10 12 14 15 | 15.0
Conjurations   | 2 4 6 7 11 14 19 | 19.9
Armour         | 1 3 5 6 8 9 10 11 12 14 15 | 15.0
Stealth        | 2 4 5 6 7 9 10 13 15 16 17 | 17.0
Spellcasting   | 3 4 5 7 8 10 11 12 14 16 | 16.0
Shields        | 2 4 5 6 8 9 |  9.0
Dodging        | 4 5 7 8 9 10 11 13 15 16 17 | 17.0
Evocations     | 3 5 6 9 12 14 | 14.0
Summonings     | 2 4 5 8 10 13 14 | 14.0
Necromancy     | 7 11 | 11.0
Transmutations | 5 |  5.0
Translocations | 3 |  3.0
Staves         | 2 7 9 |  9.0

Action                   |  1- 3 |  4- 6 |  7- 9 | 10-12 | 13-15 | 16-18 | 19-21 | 22-24 | 25-27 || total
-------------------------+-------+-------+-------+-------+-------+-------+-------+-------+-------++-------
Melee: Spear             |    13 |       |       |       |       |       |       |       |       ||    13
       Punch             |     1 |       |       |       |       |       |       |     2 |       ||     3
       Short sword       |    15 |    19 |    19 |       |       |       |       |       |       ||    53
       Hand axe          |       |       |       |    30 |    93 |   102 |    59 |       |       ||   284
       Staff             |       |       |       |       |       |       |    42 |   235 |    69 ||   346
Throw: Dart              |       |       |     1 |    11 |       |     1 |       |       |       ||    13
       Throwing net      |       |       |     1 |       |       |       |       |       |       ||     1
 Cast: Sandblast         |    48 |   111 |   215 |   288 |       |     1 |       |       |       ||   663
       Stone Arrow       |       |       |    10 |   121 |   399 |   842 |   245 |    14 |    11 ||  1642
       Animate Armour    |       |       |       |       |     5 |   101 |    64 |    60 |    10 ||   240
       Summon Cactus Gia |       |       |       |       |       |     2 |    41 |    33 |     5 ||    81
       Lee's Rapid Decon |       |       |       |       |       |       |   588 |   714 |   356 ||  1658
       Borgnjor's Vile C |       |       |       |       |       |       |       |    88 |   159 ||   247
       Petrify           |       |       |       |       |       |       |       |     3 |       ||     3
       Blink             |       |       |       |       |       |       |       |     1 |     1 ||     2
       Sublimation of Bl |       |       |       |       |       |       |       |     1 |       ||     1
       Iron Shot         |       |       |       |       |       |       |       |       |   209 ||   209
       Irradiate         |       |       |       |       |       |       |       |       |     2 ||     2
       Wereblood         |       |       |       |       |       |       |       |       |     1 ||     1
       Spellforged Servi |       |       |       |       |       |       |       |       |    33 ||    33
Invok: Draw Destruction  |       |       |     2 |     4 |    12 |    37 |    15 |    30 |    21 ||   121
       Draw Summoning    |       |       |       |     4 |     4 |     6 |     7 |     7 |    10 ||    38
       Stack Five        |       |       |       |       |     1 |       |       |       |       ||     1
       Draw Escape       |       |       |       |       |       |     3 |     2 |       |       ||     5
       Draw Stack        |       |       |       |       |       |       |       |       |     1 ||     1
Evoke: Wand              |       |       |     4 |     3 |     2 |    11 |     4 |     3 |     4 ||    31
       Phantom mirror    |       |       |       |       |     1 |     1 |     2 |     1 |     1 ||     6
       Tin of tremorston |       |       |       |       |       |     2 |       |       |     2 ||     4
       Phial of floods   |       |       |       |       |       |     1 |     1 |       |       ||     2
       Condenser vane    |       |       |       |       |       |     1 |       |     3 |     1 ||     5
       Box of beasts     |       |       |       |       |       |       |       |     1 |     2 ||     3
  Use: Potion            |       |     1 |       |       |     2 |     4 |     2 |     2 |     5 ||    16
       Scroll            |       |     3 |     8 |     9 |    10 |     3 |     2 |     3 |    10 ||    48
 Stab: Sleeping          |       |     1 |       |       |       |       |       |       |       ||     1
       Confused          |       |       |       |       |     2 |       |       |       |       ||     2
       Distracted        |       |       |       |       |       |       |     1 |       |     2 ||     3
       Petrified         |       |       |       |       |       |       |       |     1 |       ||     1
Armor: Robe              |    27 |    34 |    12 |       |       |       |       |       |       ||    73
       Scale mail        |       |       |    35 |    42 |    60 |   229 |   120 |       |       ||   486
       Ring mail         |       |       |       |    20 |     4 |       |       |       |       ||    24
       Chain mail        |       |       |       |       |       |       |    64 |   276 |   213 ||   553
Dodge: Dodged            |    56 |    76 |    58 |    86 |    88 |   362 |   223 |   354 |   273 ||  1576
Block: Buckler           |       |       |     3 |   155 |   133 |   308 |   150 |   258 |    83 ||  1090
       Reflection        |       |       |       |    14 |     9 |    27 |    14 |    16 |       ||    80

Table legend: (Time is in decaauts)
 A = Elapsed time spent in this place.
 B = Non-inter-level travel time spent in this place.
 C = Inter-level travel time spent in this place.
 D = Time resting spent in this place.
 E = Time spent auto-exploring this place.
 F = Levels seen in this place.
 G = Mean time per level.
                   A        B        C        D        E       F      G
               +--------+--------+--------+--------+--------+-----+--------+
         Total | 111138 | 103996 |   7142 |  37452 |  46617 |  62 | 1792.5 |
       Dungeon |  25065 |  22289 |   2776 |   6209 |  11975 |  15 | 1671.0 |
        Temple |     11 |      6 |      5 |      0 |      2 |   1 |   11.0 |
          Lair |  10665 |   9916 |    749 |   4066 |   4075 |   5 | 2133.0 |
        Shoals |   8648 |   8265 |    383 |   3083 |   3600 |   4 | 2162.0 |
   Spider Nest |  10841 |  10544 |    297 |   3935 |   4744 |   4 | 2710.2 |
    Slime Pits |   4389 |   4066 |    323 |   2164 |   1072 |   5 |  877.8 |
  Orcish Mines |   3341 |   3190 |    151 |   1224 |   1148 |   2 | 1670.5 |
   Elven Halls |   5668 |   5395 |    273 |   1888 |   2656 |   3 | 1889.3 |
        Vaults |  11612 |  10779 |    833 |   3894 |   4907 |   5 | 2322.4 |
         Crypt |   3816 |   3633 |    183 |    389 |   2322 |   3 | 1272.0 |
        Depths |  12612 |  11793 |    819 |   5305 |   4633 |   4 | 3153.0 |
           Zot |   5916 |   5570 |    346 |   1068 |   3128 |   5 | 1183.2 |
         Abyss |     93 |     93 |      0 |      9 |     55 |   1 |   93.0 |
         Trove |    211 |    211 |      0 |      0 |    138 |   1 |  211.0 |
         Sewer |   1307 |   1307 |      0 |    553 |    276 |   1 | 1307.0 |
      Ice Cave |   1860 |   1860 |      0 |   1333 |    175 |   1 | 1860.0 |
        Wizlab |   2436 |   2436 |      0 |   1278 |    667 |   1 | 2436.0 |
    Desolation |   2638 |   2638 |      0 |   1053 |   1042 |   1 | 2638.0 |
               +--------+--------+--------+--------+--------+-----+--------+

Top non-repeatable levels by time:
Depths:2: 3752 daAuts
Depths:3: 3747 daAuts
Spider:1: 3644 daAuts
Spider:4: 3632 daAuts
Shoals:4: 3398 daAuts
   Elf:3: 2834 daAuts
Vaults:3: 2747 daAuts
Vaults:1: 2718 daAuts
Depths:4: 2692 daAuts
  Lair:2: 2649 daAuts
Desolation: 2638 daAuts
  Lair:5: 2632 daAuts
    D:11: 2490 daAuts
  WizLab: 2436 daAuts
Depths:1: 2420 daAuts
